 Dungeon Crawl Stone Soup version 0.31-a0-355-g57cb03d3e8 (webtiles) character file.

Game seed: 10727721643078347957

2958 bmack86 the Cleaver (level 9, -2/70 HPs)
             Began as a Minotaur Fighter on July 25, 2023.
             Was a Believer of Okawaru.
             Slain by a two-headed ogre
             ... wielding a +0 giant spiked club
              (4 damage)
             ... on level 7 of the Dungeon.
             The game lasted 00:19:15 (5694 turns).

bmack86 the Cleaver (Minotaur Fighter)              Turns: 5694, Time: 00:19:15

Health: -2/70      AC: 16    Str: 24    XL:     9   Next: 52%
Magic:  11/11      EV:  6    Int:  5    God:    Okawaru [**....]
Gold:   517        SH:  4    Dex: 11    Spells: 8/8 levels left

rFire   + . .        i - +9 lance "Wyrmbane" {slay drac, rPois rF+ rC+ AC+3}
rCold   + . .        c - +0 buckler
rNeg    . . .        s - +0 plate armour
rPois   +            (helmet restricted)
rElec   .            m - +0 cloak
rCorr   .            (no gloves)
SInv    +            t - +0 pair of boots
Will    .....        (no amulet) Stlth
                     h - ring of see invisible
HPRegen 0.31/turn    (no ring)
MPRegen 0.12/turn

%: no passive effects
@: no status effects
A: horns 2, retaliatory headbutt
a: Renounce Religion, Heroism


You were on level 7 of the Dungeon.
You worshipped Okawaru.
Okawaru was pleased with you.
You visited 2 branches of the dungeon, and saw 8 of its levels.

You collected 517 gold pieces.

Inventory:

Hand Weapons
 a - a +1 war axe
 i - the +9 lance "Wyrmbane" (weapon) {slay drac, rPois rF+ rC+ AC+3}
   (You took it off Maggie on level 6 of the Dungeon)

   AC:        It affects your AC (+3).
   rF:        It protects you from fire.
   rC:        It protects you from cold.
   rPois:     It protects you from poison.
Missiles
 e - a throwing net
 n - 6 javelins
 q - a boomerang
Armour
 c - a +0 buckler (worn)
 f - a scarf of resistance
 k - a +0 chain mail
 m - a +0 cloak (worn)
 s - a +0 plate armour (worn)
 t - a +0 pair of boots (worn)
Jewellery
 h - a ring of see invisible (left hand)
 w - an amulet of guardian spirit
Wands
 b - a wand of flame (10) (quivered)
Potions
 d - 2 potions of might
 g - a potion of resistance
 j - a potion of heal wounds
 l - 3 potions of invisibility
 o - a potion of curing {unknown}
 p - a potion of mutation {unknown}
 r - a potion of magic {unknown}
 u - 2 potions of enlightenment {unknown}
 v - a potion of cancellation {unknown}


   Skills:
 - Level 3.6 Fighting
 + Level 14.5 Axes
 - Level 3.6 Armour
 - Level 3.6 Shields
 - Level 5.0 Invocations


You had 8 spell levels left.
You didn't know any spells.
Your spell library contained the following spells:

 Spells                   Type           Power      Damage    Failure   Level
 Blink                    Tloc           0%         N/A       100%        2
 Lesser Beckoning         Tloc           0%         N/A       100%        2
 Momentum Strike          Conj/Tloc      0%         3d8       100%        2
 Orb of Destruction       Conj           0%         9d5       100%        7
 Summon Guardian Golem    Hex/Summ       Unusable   N/A       N/A         3
 Spellforged Servitor     Conj/Summ      Unusable   N/A       N/A         7

Dungeon Overview and Level Annotations

Branches:
Dungeon (7/15)             Temple (1/1) D:4

Altars:
Ashenzari
Cheibriados
Dithmenos
Elyvilon
Gozag
Hepliaklqana
Kikubaaqudgha
Makhleb
Okawaru
Qazlal
Sif Muna
Trog
Uskayaw
Vehumet
Wu Jian
Xom
Zin
The Shining One

Shops:
D:3 :

Annotations:
D:6 2 transporters, BaconRulez's ghost, novice MiBe


Innate Abilities, Weirdness & Mutations

You have a pair of horns on your head.
You reflexively headbutt those who attack you in melee.


Message History

You kill the komodo dragon!
Okawaru accepts your kill.
You puncture the frilled lizard!
You kill the frilled lizard!
You hit the frilled lizard.
You kill the frilled lizard!
Things that are here:
a frilled lizard corpse; an iguana corpse You hit the plant.
The plant begins to die.
The plant is lightly damaged.
A nearby plant withers and dies.
Things that are here:
a frilled lizard corpse; an iguana corpse You see here a +0 leather armour.
You open the door.
A two-headed ogre comes into view.
It is wielding a +0 giant spiked club and a +0 giant club.
The two-headed ogre shouts in stereo!
There is an open door here.
You puncture the two-headed ogre! You headbutt the two-headed ogre!
The two-headed ogre is moderately wounded.
You barely miss the two-headed ogre.
The two-headed ogre is moderately wounded.
The two-headed ogre hits you with a +0 giant spiked club!
The two-headed ogre hits you with a +0 giant club!
You hit the two-headed ogre.
The two-headed ogre is moderately wounded.
You puncture the two-headed ogre!
The two-headed ogre is heavily wounded.
The two-headed ogre hits you with a +0 giant spiked club!!
You block the two-headed ogre's attack.
You hit the two-headed ogre.
The two-headed ogre is heavily wounded.
You closely miss the two-headed ogre.
The two-headed ogre is heavily wounded.
You puncture the two-headed ogre! You headbutt the two-headed ogre!
The two-headed ogre is almost dead.
The two-headed ogre hits you with a +0 giant spiked club!!
* * * LOW HITPOINT WARNING * * *
The two-headed ogre hits you with a +0 giant club.
You die...

#......#########
#..<...#.......#
#.....#........+
###............#
#.......######
#....##.#
###+###.# #.#
#@# #.O........
#$..".#####
#.....# ###+###


You could see a two-headed ogre.

Vanquished Creatures
  Maggie (D:6)
  A komodo dragon (D:7)
  Menkaure (D:6)
  2 black bears
  3 ice beasts
  2 ogres
  A phantom (D:4)
  Blork the orc (D:4)
  2 bullfrogs
  4 scorpions
  6 wights (D:7)
  A howler monkey (D:6)
  2 jellies
  2 orc priests
  Crazy Yiuf (D:3)
  3 hounds
  3 sleepcaps
  9 iguanas
  4 orc wizards
  4 gnolls
  4 adders
  2 shadow imps
  2 white imps (D:5)
  An ufetubus (D:5)
  4 worms
  5 dart slugs
  18 orcs
  8 ball pythons
  9 endoplasms
  6 goblins
  9 hobgoblins
  2 jackals (D:1)
  A quokka (D:2)
  4 bats
  10 frilled lizards
  5 kobolds
  5 rats
148 creatures vanquished.

Notes
Turn   | Place    | Note
-------+----------+-------------------------------------------
     0 | D:1      | bmack86 the Minotaur Fighter began the quest for the Orb.
     0 | D:1      | Reached XP level 1. HP: 19/19 MP: 0/0
    71 | D:1      | Reached skill level 3 in Axes
    90 | D:1      | Reached XP level 2. HP: 26/26 MP: 1/1
   249 | D:1      | Reached skill level 4 in Axes
   304 | D:1      | Reached XP level 3. HP: 31/31 MP: 2/2
   773 | D:2      | Reached skill level 5 in Axes
   827 | D:2      | Found a hide-covered altar of Uskayaw.
   840 | D:2      | Reached XP level 4. HP: 31/39 MP: 3/3
   904 | D:2      | You fall into a shaft and drop 2 floors!
   922 | D:4      | Noticed a phantom
   936 | D:4      | Killed a phantom
   937 | D:4      | Reached skill level 6 in Axes
   937 | D:4      | Reached XP level 5. HP: 36/45 MP: 4/4
  1315 | D:3      | Found Kovoas's Book Shop.
  1398 | D:3      | Found a burning altar of Makhleb.
  1482 | D:3      | Reached skill level 7 in Axes
  1560 | D:3      | Found a runed translucent door.
  1561 | D:3      | Noticed Crazy Yiuf
  1685 | D:3      | Killed Crazy Yiuf
  1749 | D:4      | Noticed an ogre
  1757 | D:4      | Killed an ogre
  1758 | D:4      | Reached skill level 8 in Axes
  1758 | D:4      | Reached XP level 6. HP: 29/51 MP: 5/5
  1939 | D:4      | Reached skill level 9 in Axes
  2038 | D:4      | Reached XP level 7. HP: 49/57 MP: 6/6
  2077 | D:4      | Found a staircase to the Ecumenical Temple.
  2091 | Temple   | Entered the Ecumenical Temple
  2098 | Temple   | Became a worshipper of Warmaster Okawaru
  2310 | D:4      | Identified the +2 ring mail of the Skies Above {Regen+
                  | rCorr}
  2615 | D:4      | Noticed Blork the orc
  2617 | D:5      | Entered Level 5 of the Dungeon
  2629 | D:4      | Killed Blork the orc
  2630 | D:4      | Reached skill level 10 in Axes
  2996 | D:5      | Identified the +0 robe of Beauty {rPois}
  3325 | D:5      | Found a shadowy altar of Dithmenos.
  3385 | D:5      | Reached skill level 11 in Axes
  3389 | D:5      | Reached * piety under Okawaru
  3390 | D:5      | Reached XP level 8. HP: 23/64 MP: 7/7
  3539 | D:5      | Reached skill level 1 in Invocations
  3818 | D:6      | Reached skill level 12 in Axes
  3876 | D:6      | Noticed Menkaure
  3882 | D:6      | Killed Menkaure
  4010 | D:6      | Found a hide-covered altar of Uskayaw.
  4072 | D:6      | Found a transporter.
  4081 | D:6      | Noticed a rakshasa
  4114 | D:6      | Noticed a toenail golem
  4114 | D:6      | Noticed an ancient zyme
  4142 | D:6      | Found a transporter.
  4142 | D:6      | Noticed BaconRulez's ghost (novice MiBe)
  4435 | D:6      | Found a faded altar of an unknown god.
  4525 | D:6      | Noticed Maggie
  4540 | D:6      | Killed Maggie
  4541 | D:6      | Reached XP level 9. HP: 19/70 MP: 8/11
  4841 | D:7      | Reached skill level 5 in Invocations
  4910 | D:7      | Reached skill level 13 in Axes
  5461 | D:7      | Reached ** piety under Okawaru
  5540 | D:7      | Reached skill level 14 in Axes
  5616 | D:7      | Noticed a komodo dragon
  5636 | D:7      | Killed a komodo dragon
  5687 | D:7      | Noticed a two-headed ogre
  5694 | D:7      | HP: 2/70 [two-headed ogre/+0 giant spiked club (25)]
  5694 | D:7      | Slain by a two-headed ogre

Illustrated notes

Levels and vault maps discovered:
D:1:      amcnicky_arrival_feature_with_door, layout_basic
D:2:      layout_basic, basic_altar
D:3:      layout_rooms, mainiacjoe_overflow_brackets, serial_shops, shop,
          uniq_crazy_yiuf_cottage
D:4:      layout_cave_pools, minmay_temple_entry_waves, grunt_decor_clamped,
          uniq_blork_the_orc
D:5:      layout_gridville, lemuel_tele_altar
D:6:      layout_cave_pods, amcnicky_altar_gilded,
          gammafunk_ghost_abyssal_escape, serial_column_ruins,
          column_ruins_temple_hall, column_ruins_hut_ruined,
          column_ruins_open_small, column_ruins_corridor_straight,
          column_ruins_open_medium, column_ruins_open_tiny, uniq_menkaure,
          uniq_maggie
D:7:      layout_basic, minmay_lizard_king
Temple:   minmay_freezing_vapour_temple

Skill      XL: |  1  2  3  4  5  6  7  8  9 |
---------------+----------------------------+-----
Axes           | 3 4 5 6 8 9 11 12 14 | 14.5
Invocations    | 4 5 |  5.0
Fighting       | |  3.6
Armour         | |  3.6
Shields        | |  3.6

Action                     |  1- 3 |  4- 6 |  7- 9 || total
---------------------------+-------+-------+-------++-------
  Melee: War axe           |    60 |   101 |   133 ||   294
         Headbutt          |     5 |    21 |    25 ||    51
         Lance             |       |       |    58 ||    58
 Invoke: Heroism           |       |       |     2 ||     2
  Evoke: Wand              |       |       |     9 ||     9
    Use: Scroll            |     2 |     1 |     6 ||     9
 Armour: Scale mail        |    28 |    19 |       ||    47
         Chain mail        |       |    38 |    61 ||    99
         Plate armour      |       |       |    17 ||    17
  Dodge: Dodged            |    41 |    55 |    71 ||   167
  Block: Buckler           |     8 |    28 |    39 ||    75

Table legend: (Time is in decaauts)
 A = Elapsed time spent in this place.
 B = Non-inter-level travel time spent in this place.
 C = Inter-level travel time spent in this place.
 D = Time resting spent in this place.
 E = Time spent auto-exploring this place.
 F = Levels seen in this place.
 G = Mean time per level.
                   A        B        C        D        E       F      G
               +--------+--------+--------+--------+--------+-----+--------+
         Total |   5707 |   5574 |    133 |    235 |   3819 |   8 |  713.4 |
       Dungeon |   5694 |   5565 |    129 |    235 |   3819 |   7 |  813.4 |
        Temple |     12 |      8 |      4 |      0 |      0 |   1 |   12.0 |
               +--------+--------+--------+--------+--------+-----+--------+

Top non-repeatable levels by time:
     D:5: 1105 daAuts
     D:6: 1077 daAuts
     D:4: 956 daAuts
     D:7: 847 daAuts
     D:3: 620 daAuts
     D:1: 580 daAuts
     D:2: 507 daAuts
  Temple: 12 daAuts
